 Dungeon Crawl Stone Soup version 0.31-a0-1539-g569d6c7dce (webtiles) character file.

Game seed: 10051693791395246362

213 Flugslaktarn the Trooper (level 5, -1/49 HPs)
             Began as a Minotaur Fighter on Jan 1, 2024.
             Slain by a river rat (3 damage)
             ... in a sewer.
             The game lasted 00:01:06 (1981 turns).

Flugslaktarn the Trooper (Minotaur Fighter)         Turns: 1981, Time: 00:01:07

Health: -1/49      AC: 16    Str: 29    XL:     5   Next: 59%
Magic:  4/4        EV:  4    Int:  1    God:
Gold:   149        SH:  4    Dex:  9    Spells: 4/4 levels left

rFire   . . .        a - +0 war axe
rCold   . . .        c - +0 buckler
rNeg    . . .        q - +0 plate armour of the Gate {Harm Str+6 Int-4 SInv}
rPois   .            (helmet restricted)
rElec   .            (no cloak)
rCorr   .            (no gloves)
SInv    +            (no boots)
Will    .....        (no amulet) Stlth
                     p - +4 ring of protection
HPRegen 0.28/turn    (no ring)
MPRegen 0.09/turn

%: harm (+30% outgoing, +20% incoming)
@: constricted
A: horns 2, retaliatory headbutt
a: no special abilities


You were in a sewer.
You visited 1 branch of the dungeon, and saw 3 of its levels.
You also visited: Sewer.

You collected 149 gold pieces.

Inventory:

Hand Weapons
 a - a +0 war axe (weapon)
Armour
 b - a +0 scale mail
 c - a +0 buckler (worn)
 q - the +0 plate armour of the Gate (worn) {Harm Str+6 Int-4 SInv}
   (You found it on level 2 of the Dungeon)

   Str+6:     It affects your strength (+6).
   Int-4:     It affects your intelligence (-4).
   SInv:      It lets you see invisible.
   Harm:      It increases damage dealt and taken.
Jewellery
 p - a +4 ring of protection (left hand)
   (You found it on level 2 of the Dungeon)
Wands
 o - a wand of mindburst (7)
   (You found it on level 2 of the Dungeon)
Scrolls
 f - a scroll of torment {unknown}
 g - 2 scrolls of enchant armour {unknown}
 h - a scroll of blinking {unknown}
 i - 3 scrolls of identify {unknown}
 k - a scroll of teleportation {unknown}
 m - a scroll of fear {unknown}
 n - a scroll of revelation {unknown}
Potions
 d - 2 potions of might
 e - a potion of curing {unknown}
 j - 2 potions of invisibility {unknown}
 l - a potion of lignification {unknown}


   Skills:
 * Level 5.6 Fighting
 * Level 4.8 Axes
 + Level 4.7 Armour
 - Level 3.6 Shields


You had 4 spell levels left.
You didn't know any spells.
Your spell library was empty.

Dungeon Overview and Level Annotations

Branches:
Dungeon (3/15)              Sewer (1/1)

Altars:
Elyvilon
Hepliaklqana


Innate Abilities, Weirdness & Mutations

You have a pair of horns on your head.
You reflexively headbutt those who attack you in melee.


Message History

You enter the shallow water.
Moving in this stuff is going to be slow.
A rat comes into view.
The rat squeaks loudly.
An adder comes into view.
The rat barely misses you. The rat bites you but does no damage.
A rat comes into view.
You block the frilled lizard's attack.
The rat squeaks loudly.
You hit the rat.
You kill the rat!
You closely miss the rat. You slash the frilled lizard!
You kill the frilled lizard!
You hear a loud squeak.
The rat barely misses you.
The ball python bites you but does no damage.
The ball python grabs you. The ball python constricts you.
You hit the ball python but do no damage.
You closely miss the rat. You hit the rat but do no damage.
You closely miss the rat. The rat bites you but does no damage.
The ball python bites you. The ball python constricts you. The rat bites you.
The rat bites you but does no damage.
You closely miss the ball python. Your headbutt misses the ball python.
You closely miss the rat. You barely miss the rat. You hit the rat.
You kill the rat!
The ball python bites you but does no damage.
The ball python constricts you. The rat bites you.
The ball python bites you but does no damage.
The ball python constricts you. The rat barely misses you.
A river rat comes into view.
Your unstable footing causes you to fumble your attack.
The river rat squeaks loudly.
The adder bites you but does no damage.
The ball python bites you but does no damage.
The ball python constricts you. You block the river rat's attack.
The rat bites you but does no damage. The adder bites you but does no damage.
Your unstable footing causes you to fumble your attack.
The ball python bites you but does no damage.
The ball python constricts you. The adder bites you but does no damage.
The rat bites you but does no damage. The river rat bites you.
The ball python bites you but does no damage.
The ball python constricts you.
You hit the ball python.
You kill the ball python!
You slash the river rat! You closely miss the rat. You miss the adder.
You hit the rat.
You kill the rat!
The adder bites you.
You are poisoned.
The adder poisons you! The river rat bites you. You block the rat's attack.
You block the adder's attack. The rat bites you but does no damage.
Your unstable footing causes you to fumble your attack.
You feel sick. The adder bites you but does no damage.
A rat comes into view.
The rat barely misses you. The river rat bites you.
The adder bites you but does no damage.
The rat moves out of view.
Your unstable footing causes you to fumble your attack.
You feel sick.
The rat splashes around in the water.
The adder bites you but does no damage.
The river rat bites you but does no damage.
The rat bites you but does no damage.
A ball python comes into view.
You barely miss the river rat.
The river rat is severely wounded.
The ball python hisses angrily.
You hit the river rat but do no damage. You hit the rat but do no damage. x2
You hit the adder.
You feel sick. You block the adder's attack. The rat bites you.
The river rat bites you. The river rat barely misses you.
You furiously retaliate!
You headbutt the river rat! You block the rat's attack.
The adder bites you but does no damage. The rat bites you but does no damage.
You feel sick.
You are no longer poisoned.
The river rat bites you.
* * * LOW HITPOINT WARNING * * *
The river rat bites you.
* * * LOW HITPOINT WARNING * * *
The adder bites you but does no damage.
A rat comes into view.
You are too injured to fight recklessly!
The rat squeaks loudly.
You hear a loud squeak.
The adder barely misses you. The river rat bites you.
* * * LOW HITPOINT WARNING * * *
The ball python closely misses you. The ball python grabs you.
The ball python constricts you. The adder bites you but does no damage.
You are too injured to fight recklessly!
Okay, then.
You slash the adder!
You kill the adder!
You closely miss the rat. You closely miss the river rat.
You barely miss the river rat. You barely miss the ball python.
The ball python bites you but does no damage.
The ball python constricts you.
The river rat bites you but does no damage.
The river rat completely misses you.
The ball python bites you but does no damage.
The ball python constricts you. The rat bites you but does no damage.
The river rat bites you but does no damage.
The river rat bites you.
You die...

#.......~≈≈≈~....
#.......≈≈≈≈~....
##.....~~~≈≈~~.#
#.......~≈≈..#
##.....~~~≈~.## r
####††.....~≈~..##..
#∩###......~~.......
#.###.....rr≈~.....#
#..#......@rr......#
##........Sr≈†.....#
##........~≈~.....#
##......~~≈~......
#....~.~~≈~......
.....~~~≈≈r~..#..
#......≈≈≈≈≈~.## .
..#....≈≈≈≈≈~.#
#.###..~≈≈≈≈


You could see 2 river rats, a ball python and 4 rats.

Vanquished Creatures
  A bombardier beetle (D:3)
  2 orc priests (D:3)
  3 adders
  A river rat (Sewer)
  2 dart slugs (D:2)
  8 orcs
  7 bats
  2 endoplasms
  12 giant cockroaches
  5 goblins (D:1)
  2 hobgoblins (D:1)
  2 jackals (D:1)
  12 kobolds
  3 quokkas (D:2)
  6 ball pythons
  10 frilled lizards
  10 rats
88 creatures vanquished.

Notes
Turn   | Place    | Note
-------+----------+-------------------------------------------
     0 | D:1      | Flugslaktarn the Minotaur Fighter began the quest for the
                  | Orb.
     0 | D:1      | Reached XP level 1. HP: 19/19 MP: 0/0
   126 | D:1      | Reached XP level 2. HP: 23/27 MP: 1/1
   130 | D:1      | Reached skill level 4 in Fighting
   398 | D:1      | Found a faded altar of an unknown god.
   721 | D:1      | Reached XP level 3. HP: 33/33 MP: 2/2
  1176 | D:2      | Reached XP level 4. HP: 41/41 MP: 3/3
  1364 | D:2      | Identified the +0 plate armour of the Gate {Harm Str+6
                  | Int-4 SInv}
  1604 | D:3      | Found a hazy altar of Hepliaklqana.
  1607 | D:3      | Found a white marble altar of Elyvilon.
  1657 | D:3      | Reached skill level 5 in Fighting
  1664 | D:3      | Reached XP level 5. HP: 16/48 MP: 4/4
  1851 | D:3      | Found a glowing drain.
  1869 | Sewer    | Entered a sewer
  1980 | Sewer    | HP: 2/49 [river rat (7)]
  1981 | Sewer    | Slain by a river rat

Illustrated notes

Levels and vault maps discovered:
D:1:      dpeg_arrival_connections, layout_loops_corners,
          hellmonk_ecumenical_altar_dog_temple, dreamdust_princess_bridge
D:2:      layout_basic
D:3:      layout_loops_ring, jmf_multi_god_temple2, gup_sewer_entry_pipe
Sewer:    sewer_minmay_treatment

Skill      XL: |  1  2  3  4 |
---------------+-------------+-----
Fighting       | 4 5 |  5.6
Axes           | 3 4 |  4.8
Armour         | 4 |  4.7
Shields        | |  3.6

Action                     |  1- 3 |  4- 6 || total
---------------------------+-------+-------++-------
  Melee: War axe           |    83 |    67 ||   150
         Headbutt          |     9 |     7 ||    16
 Armour: Scale mail        |    62 |     3 ||    65
         Plate armour      |       |    87 ||    87
  Dodge: Dodged            |    45 |    30 ||    75
  Block: Buckler           |     9 |    24 ||    33

Table legend: (Time is in decaauts)
 A = Elapsed time spent in this place.
 B = Non-inter-level travel time spent in this place.
 C = Inter-level travel time spent in this place.
 D = Time resting spent in this place.
 E = Time spent auto-exploring this place.
 F = Levels seen in this place.
 G = Mean time per level.
                   A        B        C        D        E       F      G
               +--------+--------+--------+--------+--------+-----+--------+
         Total |   2035 |   1956 |     79 |     28 |   1516 |   4 |  508.8 |
       Dungeon |   1916 |   1837 |     79 |     28 |   1437 |   3 |  638.7 |
         Sewer |    118 |    118 |      0 |      0 |     79 |   1 |  118.0 |
               +--------+--------+--------+--------+--------+-----+--------+

Top non-repeatable levels by time:
     D:1: 968 daAuts
     D:2: 511 daAuts
     D:3: 436 daAuts
   Sewer: 118 daAuts
